AoeStats
← msheehandub

Scandinavia

510418459Analyzed
1v1 RM · 1d ago on Sep 30, 2026· 71m 0s· 2 players
Game mode
Random Map
Map size
Tiny (2 player)
Population
200
Speed
Normal
Resources
Standard
Victory
Conquest
Starting age
Dark Age
Ending age
Imperial Age
RankedLock teamsTeams togetherTeam positionsShared explorationLock speedFull tech treeHidden civsTurbo modeCheats
Victory
Defeat
🇨🇦 Byzantines · Canada
843
+16
🇸🇦 Koreans · Saudi Arabia
835
-16
msheehandub
11:18 Feudal Age
15:54 Castle Age
15:07 Stone Mining
18:02 Double-Bit Axe
25:47 Bow Saw
27:59 Scale Barding Armor
28:21 Husbandry
29:54 Crossbowman
31:26 Thumb Ring
31:18 Fletching
31:49 Chain Barding Armor
32:00 Pikeman
37:08 Imperial Age
38:30 Gold Mining
41:57 Man-at-Arms
42:21 Arbalester
50:56 Chemistry
56:00 Cavalier
bar2nice
8:33 Loom
11:25 Feudal Age
12:00 Double-Bit Axe
22:33 Castle Age
20:48 Fletching
22:31 Forging
22:23 Scale Mail Armor
22:34 Horse Collar
22:47 Gold Mining
23:07 Elite Skirmisher
23:53 Thumb Ring
23:53 Bodkin Arrow
24:00 Padded Archer Armor
28:46 Leather Archer Armor
29:58 Squires
31:14 Bow Saw
32:13 Wheelbarrow
31:47 Arson
32:19 Chain Mail Armor
31:43 Pikeman
34:15 Hand Cart
36:38 Imperial Age
36:59 Iron Casting
37:23 Gold Shaft Mining
38:54 Hoardings
39:25 Chemistry
38:46 Ballistics
38:38 Elite Varangian Guard
40:51 Halberdier
41:53 Gambesons
46:02 Two-Man Saw
45:18 Fortified Wall
54:32 Bracer
55:03 Plate Mail Armor
62:04 Conscription
63:57 Spies/Treason
65:58 Logistica
69:40 Ring Archer Armor
Connection lost

Rejoining the realm…

Still unreachable

The connection could not be restored.

Session expired

The server has moved on; the page needs a fresh start.